 Dungeon Crawl Stone Soup version 0.29.1-1-gd02db6906a (webtiles) character file.

Game seed: 6335496321713191683

3266 MisterFreud the Nimble (level 9, -2/44 HPs)
             Began as a Felid Berserker on Sept 25, 2022.
             Was a Priest of Trog.
             Slain by an orc warrior
             ... wielding a +0 war axe
              (15 damage)
             ... on level 9 of the Dungeon.
             The game lasted 00:13:45 (11733 turns).

MisterFreud the Nimble (Felid Berserker)           Turns: 11733, Time: 00:13:46

Health: -2/44      AC:  2    Str: 13    XL:     9   Next: 68%
Magic:  10/10      EV: 26    Int:  9    God:    Trog [***...]
Gold:   584        SH:  0    Dex: 19    Spells: 8/8 levels left
                                        Lives:  0   Deaths: 2

rFire   . . .      SeeInvis +     - Unarmed
rCold   + . .      Faith    .   (shield unavailable)
rNeg    + . .      Spirit   .   (body armour unavailable)
rPois   .          Reflect  .   (helmet unavailable)
rElec   .          Harm     .   (cloak unavailable)
rCorr   .          Rampage  .   (gloves unavailable)
Will    +++..                   (boots unavailable)
Stlth   +++++.....              (no amulet)
HPRegen 1.14/turn               i - ring of positive energy
MPRegen 0.12/turn               h - ring of protection from cold

@: strong-willed, regenerating, quick
A: very small, claws 1, fangs 3, see invisible, speed 1, shaggy fur 2, stealthy
paws, no weapons or thrown items, no armour, multi-lived
a: Renounce Religion, Berserk, Trog's Hand


You were on level 9 of the Dungeon.
You worshipped Trog.
Trog was most pleased with you.
You visited 1 branch of the dungeon, and saw 9 of its levels.
You also visited: Sewer.

You collected 584 gold pieces.

Inventory:

Jewellery
 h - a ring of protection from cold (right paw)
 i - a ring of positive energy (left paw)
 k - an amulet of magic regeneration
 m - a ring of resist corrosion
Wands
 n - a wand of roots (19)
 o - a wand of charming (4)
 q - a wand of flame (24)
 v - a wand of quicksilver (7)
Scrolls
 a - a scroll of identify
 b - a scroll of noise {unknown}
 c - 4 scrolls of teleportation
 f - 3 scrolls of blinking
 j - 3 scrolls of magic mapping
 t - a scroll of vulnerability {unknown}
Potions
 d - a potion of heal wounds {unknown}
 e - a potion of flight
 g - 3 potions of curing
 l - 2 potions of berserk rage
 p - 2 potions of might
 r - 2 potions of resistance
 s - 3 potions of invisibility


   Skills:
 + Level 8.1 Fighting
 - Level 12.0 Dodging
 - Level 10.0 Stealth
 - Level 10.0 Unarmed Combat


You had 8 spell levels left.
You didn't know any spells.
Your spell library was empty.

Dungeon Overview and Level Annotations

Branches:
Dungeon (9/15)             Temple (0/1) D:5             Orc (0/2) D:9
  Sewer (visited)
   Lair: D:8-11

Altars:
Gozag
Nemelex Xobeh
Okawaru
Ru
Uskayaw

Shops:
D:4 :   D:6 *   D:7 ?


Innate Abilities, Weirdness & Mutations

You have sharp claws.
You have razor-sharp teeth.
You have supernaturally acute eyesight. (SInv)
You cover ground quickly. (Speed+)
You are covered in thick fur. (AC +2)
Your paws help you pounce on unaware monsters.
You are incapable of wielding weapons or throwing items.
You cannot wear armour.
You gain extra lives every three experience levels.


Message History

You feel sick.
You claw the orc!
You kill the orc!
Trog accepts your kill.
You feel sick. The orc completely misses you.
You scratch the orc.
The orc is severely wounded.
You feel sick. The orc completely misses you.
Things that are here:
a +0 dagger; an orc corpse You closely miss the orc.
The orc is severely wounded.
You feel sick. The orc barely misses you.
You scratch the orc.
You kill the orc!
Trog accepts your kill.
You feel sick.
You feel sick. The orc warrior closely misses you. The orc misses you.
Items here: $ )))))) [ †.
You claw the orc warrior!
The orc warrior is moderately wounded.
You feel sick.
You are no longer poisoned.
The orc warrior completely misses you. The orc closely misses you.
You barely miss the orc warrior. Your bite misses the orc warrior.
The orc warrior is moderately wounded.
The orc warrior completely misses you. The orc barely misses you.
You scratch the orc warrior. Your claw misses the orc warrior.
Your bite misses the orc warrior.
The orc warrior is heavily wounded.
The orc warrior hits you with a +0 war axe!
* * * LOW HITPOINT WARNING * * *
The orc completely misses you.
You are too injured to fight recklessly!
You barely miss the orc warrior.
The orc warrior is heavily wounded.
Your skin crawls.
You feel strong-willed.
The orc warrior hits you with a +0 war axe!
You die...

#..>......#
#.........#
#######.....#
#.... ##.####
#.... #.#
#..oo #.#


.oo #.# #o###.# #o@)..# ####### You could see an orc warrior and 5 orcs.

Vanquished Creatures
  Gastronok (D:8)
  Erica (D:8)
  Maurice (D:8)
  Psyche (D:8)
  A komodo dragon (D:7)
  Sigmund (D:5)
  3 yaks (D:8)
  2 wyverns
  A steam dragon (D:7)
  Menkaure (D:6)
  Edmund (D:5)
  Duvessa (D:6)
  2 orc warriors
  Pargi (Sewer)
  4 ogres (D:6)
  A phantom (D:6)
  Blork the orc (D:6)
  2 kobold brigands
  2 bullfrogs
  A necrophage (D:8)
  3 scorpions
  3 wights (D:9)
  Dowan (D:6)
  5 electric eels
  4 orc priests
  A gnoll bouda (D:9)
  2 hounds (D:6)
  A jelly (D:5)
  6 iguanas
  4 orc wizards
  23 gnolls
  2 river rats (D:6)
  13 adders
  3 shadow imps
  An ufetubus (D:6)
  A worm (D:2)
  A dart slug (D:1)
  23 orcs
  7 bats
  6 endoplasms
  5 giant cockroaches
  33 goblins
  25 hobgoblins
  3 jackals (D:5)
  25 kobolds
  A quokka (D:4)
  5 ball pythons
  6 frilled lizards
  2 rats (D:6)
  A fire vortex (D:8)
245 creatures vanquished.

Vanquished Creatures (others)
  2 kobolds (D:6)
2 creatures vanquished.

Grand Total: 247 creatures vanquished

Notes
Turn   | Place    | Note
-------+----------+-------------------------------------------
     0 | D:1      | MisterFreud the Felid Berserker began the quest for the
                  | Orb.
     0 | D:1      | Reached XP level 1. HP: 10/10 MP: 2/2
   289 | D:1      | Reached skill level 1 in Stealth
   298 | D:1      | Found a faded altar of an unknown god.
   298 | D:1      | Noticed a Hell Sentinel
  1075 | D:1      | Reached XP level 2. HP: 14/14 MP: 3/3
  1653 | D:2      | Reached XP level 3. HP: 17/17 MP: 4/4
  2215 | D:2      | Reached XP level 4. HP: 20/21 MP: 5/5
  2945 | D:3      | Found a sacrificial altar of Ru.
  2987 | D:3      | Reached XP level 5. HP: 20/24 MP: 6/6
  3552 | D:4      | Found Poromayh's Vocational Training.
  3577 | D:4      | Reached skill level 5 in Stealth
  3960 | D:4      | Reached ** piety under Trog
  4320 | D:5      | Entered Level 5 of the Dungeon
  4364 | D:5      | Found a hide-covered altar of Uskayaw.
  4517 | D:5      | Reached skill level 5 in Unarmed Combat
  4761 | D:5      | Gained mutation: You are covered in thick fur. (AC +2)
                  | [Felid growth]
  4761 | D:5      | Reached XP level 6. HP: 28/28 MP: 7/7
  4797 | D:5      | Found a staircase to the Ecumenical Temple.
  4877 | D:5      | Noticed Sigmund
  4880 | D:5      | Killed Sigmund
  4881 | D:5      | Reached skill level 5 in Dodging
  4972 | D:5      | Reached skill level 6 in Dodging
  4972 | D:5      | Reached XP level 7. HP: 30/31 MP: 8/8
  5251 | D:5      | Noticed Edmund
  5259 | D:5      | Killed Edmund
  5260 | D:5      | Reached skill level 7 in Dodging
  5583 | D:6      | Noticed Blork the orc
  5585 | D:6      | Found a glowing drain.
  5614 | D:6      | Killed Blork the orc
  5615 | D:6      | Reached skill level 8 in Dodging
  5636 | Sewer    | Entered a sewer
  5785 | Sewer    | Noticed Pargi
  5789 | Sewer    | Killed Pargi
  5790 | Sewer    | Reached skill level 9 in Dodging
  5790 | Sewer    | Reached XP level 8. HP: 34/34 MP: 9/9
  6353 | D:6      | Found Astijoev's Fire Supplies.
  6353 | D:6      | Noticed Duvessa
  6353 | D:6      | Noticed Dowan
  6359 | D:6      | Killed Duvessa
  6360 | D:6      | Reached skill level 10 in Dodging
  6364 | D:6      | Killed Dowan
  6624 | D:6      | Reached skill level 5 in Fighting
  7604 | D:6      | Noticed Menkaure
  7622 | D:6      | Killed Menkaure
  7623 | D:6      | Reached XP level 9. HP: 24/41 MP: 10/10
  7931 | D:6      | Reached *** piety under Trog
  8920 | D:7      | Identified the +1 robe of the Unseen Realm {Slay+3}
  8956 | D:7      | Noticed a komodo dragon
  8963 | D:7      | Killed a komodo dragon
  8964 | D:7      | Reached skill level 11 in Dodging
  9156 | D:7      | Found Opeemivu's Magic Scroll Emporium.
  9619 | D:8      | Noticed Gastronok
 10127 | D:8      | Killed from afar by Gastronok
 10128 | D:8      | Reached XP level 8. HP: -21/38 MP: 9/9
 10164 | D:8      | Killed Gastronok
 10165 | D:8      | Reached skill level 12 in Dodging
 10165 | D:8      | Reached skill level 10 in Stealth
 10165 | D:8      | Reached XP level 9. HP: 24/41 MP: 10/10
 10454 | D:8      | Noticed Psyche
 10457 | D:8      | Noticed Maurice
 10459 | D:8      | Noticed Erica
 10468 | D:8      | Killed Psyche
 10472 | D:8      | HP: 1/41 [constriction (3)]
 10473 | D:8      | Constricted to death by Maurice
 10474 | D:8      | Reached XP level 8. HP: -5/38 MP: 9/9
 10528 | D:8      | Killed Erica
 10529 | D:8      | Reached skill level 10 in Unarmed Combat
 10529 | D:8      | Reached XP level 9. HP: 42/42 MP: 10/10
 10569 | D:8      | Killed Maurice
 10907 | D:8      | Identified the +4 spear of Daplig {freeze, Contam Str+5
                  | Int+2 Dex+4}
 11377 | D:9      | Found an opulent altar of Gozag.
 11378 | D:9      | Found an iron altar of Okawaru.
 11442 | D:9      | Found a sparkling altar of Nemelex Xobeh.
 11558 | D:9      | Found a staircase to the Orcish Mines.
 11733 | D:9      | Slain by an orc warrior

Illustrated notes

Levels and vault maps discovered:
D:1:      scummos_arrival_checkerplants, layout_loops_cross,
          dreamdust_ecumenical_altar_sealed_demon
D:2:      layout_basic, kennysheep_another_room
D:3:      layout_loops_ring, mainiacjoe_overflow_alcove_4
D:4:      layout_basic, nicolae_shop_vocational
D:5:      layout_loops_corners, mainiacjoe_overflow_paths, temple_hall,
          sigmund_edmund_badplayer
D:6:      minmay_goblin_kobold_castle, layout_layer_cave, portal_sewer_entry_a,
          nicolae_shop_fire_sale [nicolae_sub_dead_trees], uniq_blork_the_orc,
          uniq_edmund, uniq_duvessa, uniq_sigmund, uniq_menkaure
D:7:      layout_gridville, serial_shops, nicolae_square_shop,
          nicolae_underground_beach
D:8:      layout_cave_pools, hangedman_incinerator, uniq_erica, uniq_psyche,
          uniq_gastronok, uniq_maurice
D:9:      layout_rooms, nicolae_overflow_squiral, nemelex_spade_bored_becter,
          orc_0_dummy, special_room [special_room_orc]

Skill      XL: |  1  2  3  4  5  6  7  8  9 |
---------------+----------------------------+-----
Stealth        | 1 2 3 4 6 10 8 | 10.0
Unarmed Combat | 4 5 6 10 9 | 10.0
Dodging        | 6 9 12 11 | 12.0
Fighting       | 6 8 |  8.1

Action                   |  1- 3 |  4- 6 |  7- 9 || total
-------------------------+-------+-------+-------++-------
Melee: Unarmed           |    94 |    95 |   477 ||   666
       Bite              |     4 |    10 |    54 ||    68
       Punch             |     4 |       |    17 ||    21
Invok: Berserk           |     1 |     3 |    23 ||    27
       Trog's Hand       |       |       |     3 ||     3
Evoke: Wand              |       |       |    10 ||    10
  Use: Scroll            |       |       |    23 ||    23
       Potion            |       |       |     1 ||     1
 Stab: Sleeping          |     3 |    11 |    15 ||    29
       Distracted        |     1 |       |       ||     1
Armor: Skin              |     6 |     1 |    10 ||    17
Dodge: Dodged            |    67 |    60 |   408 ||   535
